 Dungeon Crawl Stone Soup version 0.21.1-1-g345015f (webtiles) character file.

369 Spoonicorn the Cudgeler (level 6, 0/59 HPs)
             Began as an Ogre Berserker on Mar 9, 2018.
             Was a Believer of Trog.
             Succumbed to an adder's poison
             ... on level 4 of the Dungeon.
             The game lasted 00:08:43 (2783 turns).

Spoonicorn the Cudgeler (Ogre Berserker)            Turns: 2783, Time: 00:08:44

Health: 0/59       AC:  6    Str: 24    XL:     6   Next: 70%
Magic:  6/6        EV: 11    Int:  8    God:    Trog [**....]
Gold:   149        SH:  0    Dex: 10    Spells: 5/5 levels left

rFire    . . .     SeeInvis .   a - +1 mace
rCold    . . .     Gourm    .   (no shield)
rNeg     . . .     Faith    +   b - +0 animal skin
rPois    .         Spirit   .   (helmet restricted)
rElec    .         Reflect  .   (no cloak)
rCorr    .         Harm     .   (gloves unavailable)
MR       .....                  (boots unavailable)
Stlth    +.........             l - amulet of faith
HPRegen  0.19/turn              h - +3 ring of protection
MPRegen  0.10/turn              (no ring)

@: lethally poisoned (0 -> -10), berserk cooldown, flying, slowed, very slow
A: large, unfitting armour, agile 1, frail 1, tough skin 1
a: Berserk, Trog's Hand, Burn Spellbooks, Renounce Religion


You were on level 4 of the Dungeon.
You worshipped Trog.
Trog was pleased with you.
You were very hungry.

You visited 1 branch of the dungeon, and saw 4 of its levels.

You collected 149 gold pieces.

Inventory:

Hand Weapons
 a - a +1 mace (weapon)
Armour
 b - a +0 animal skin (worn)
Jewellery
 g - an uncursed amulet of magic regeneration {unknown}
 h - a +3 ring of protection (left hand)
 l - an amulet of faith (around neck)
Wands
 n - a wand of disintegration (14)
Scrolls
 e - 3 scrolls of enchant weapon
 f - 2 scrolls of identify
 r - a scroll of blinking {unknown}
Potions
 i - a potion of agility {unknown}
 j - 2 potions of heal wounds
 k - 2 potions of flight
 o - a potion of mutation
 p - a potion of brilliance {unknown}
Comestibles
 c - 13 rations
 q - 2 chunks of flesh


   Skills:
 + Level 5.1 Fighting
 * Level 5.6 Maces & Flails
 + Level 3.6 Dodging
 + Level 0.2 Stealth


You had 5 spell levels left.
You didn't know any spells.

Dungeon Overview and Level Annotations

Branches:
Dungeon (4/15)
 Temple: D:4-7

Altars:
The Shining One

Annotations:
D:4 Grinder


Innate Abilities, Weirdness & Mutations

You are too large for most types of armour.
You have tough skin. (AC +1)
You are agile. (Dex +2)
You are frail. (-10% HP)


Message History

The adder barely misses you.
It was a potion of flight.
You feel very buoyant.
You fly up into the air.
Your surroundings suddenly seem different.
* * * LOW HITPOINT WARNING * * *
You feel very sick.
Found an encrusted brass ring and a scroll labeled WENNUWK CUSK.
It was a potion of mutation.
You feel extremely strange.
You feel clumsy.
You feel agile.
You feel frail.
You feel agile.
* * * LOW HITPOINT WARNING * * *
You feel very sick.
You hear a zap.
You hear a grinding noise.
* * * LOW HITPOINT WARNING * * *
You feel sick.
* * * LOW HITPOINT WARNING * * *
You feel sick.
* * * LOW HITPOINT WARNING * * *
You feel sick.
You die...

#.......
#.......
#.......
######.# #.#
##### ####
#.#
##...##...##
#.#
##..?.......#
#.#
#....@.......
#.#
#.........=..
#.#
#............
#[#
##..........#
##...#......
#####.#####
.# .#


There were no monsters in sight!

Vanquished Creatures
  The ghost of bmj180 the Shield-Bearer, an amateur HaFi (D:3)
  A crimson imp (D:2)
  Terence (D:3)
  Ijyb (D:3)
  An adder (D:3)
  An ooze (D:3)
  3 worms
  A dart slug (D:1)
  A leopard gecko (D:4)
  7 orcs (D:3)
  5 giant cockroaches
  A goblin (D:3)
  8 hobgoblins
  8 jackals
  8 kobolds
  A ball python (D:3)
  6 bats
  4 frilled lizards
  12 rats
71 creatures vanquished.

Notes
Turn   | Place    | Note
-------+----------+-------------------------------------------
     0 | D:1      | Spoonicorn the Ogre Berserker began the quest for the Orb.
     0 | D:1      | Reached XP level 1. HP: 24/24 MP: 1/1
   123 | D:1      | Reached XP level 2. HP: 21/32 MP: 2/2
   621 | D:1      | Reached XP level 3. HP: 40/40 MP: 3/3
   720 | D:2      | Reached XP level 4. HP: 36/49 MP: 4/4
   744 | D:2      | Reached ** piety under Trog
   943 | D:2      | Found a glowing golden altar of the Shining One.
  1522 | D:3      | Noticed Ijyb
  1545 | D:3      | Killed Ijyb
  1545 | D:3      | Reached XP level 5. HP: 30/55 MP: 5/5
  1757 | D:3      | Noticed bmj180's ghost (amateur HaFi)
  1778 | D:3      | Killed bmj180's ghost
  1778 | D:3      | Reached skill level 5 in Fighting
  1778 | D:3      | Reached skill level 5 in Maces & Flails
  1778 | D:3      | Reached XP level 6. HP: 20/66 MP: 6/6
  2258 | D:3      | Noticed Terence
  2293 | D:3      | Killed Terence
  2753 | D:4      | Noticed Grinder
  2757 | D:4      | Paralysed by Grinder for 7 turns
  2771 | D:4      | HP: 2/66 [adder (3)]
  2779 | D:4      | Gained mutation: You are clumsy. (Dex -2) [potion of mutation]
  2779 | D:4      | Lost mutation: You are clumsy. (Dex -2) [potion of mutation]
  2779 | D:4      | Gained mutation: You are frail. (-10% HP) [potion of mutation]
  2779 | D:4      | Gained mutation: You are agile. (Dex +2) [potion of mutation]
  2782 | D:4      | HP: 2/59 [poisoned by an adder]
  2783 | D:4      | Succumbed to an adder's poison

Skill      XL: |  1  2  3  4  5 |
---------------+----------------+-----
Maces & Flails | 3 4 5 |  5.6
Dodging        | 3 |  3.6
Fighting       | 5 |  5.1
Stealth        | |  0.2

Action                   |  1- 3 |  4- 6 || total
-------------------------+-------+-------++-------
Melee: Mace              |    73 |   231 ||   304
Invok: Berserk           |     1 |     4 ||     5
  Use: Scroll            |       |     7 ||     7
       Potion            |       |     4 ||     4
  Eat: Chunk             |       |    10 ||    10
Armor: Animal skin       |    18 |   122 ||   140
Dodge: Dodged            |    42 |   152 ||   194
